 Dungeon Crawl Stone Soup version 0.30.0-29-ga12c61a403 (webtiles) character file.

Game seed: 4984338549393946454

312 seaoflcl the Slasher (level 6, -3/48 HPs)
             Began as a Demonspawn Fighter on June 4, 2023.
             Slain by a scorpion (4 damage)
             ... on level 5 of the Dungeon.
             The game lasted 00:07:01 (3714 turns).

seaoflcl the Slasher (Demonspawn Fighter)           Turns: 3714, Time: 00:07:01

Health: -3/48      AC:  9    Str: 18    XL:     6   Next: 18%
Magic:  6/6        EV:  9    Int:  9    God:
Gold:   161        SH:  4    Dex: 13    Spells: 5/5 levels left

rFire   . . .        a - +0 long sword
rCold   . . .        c - +0 buckler
rNeg    . . .        b - +0 scale mail
rPois   .            l - +0 helmet
rElec   .            (no cloak)
rCorr   .            (no gloves)
SInv    .            e - +0 pair of boots
Will    .....        (no amulet) Stlth
                     (no ring)
HPRegen 0.28/turn    (no ring)
MPRegen 0.10/turn

%: no passive effects
@: lethally poisoned (-3 -> -5)
A: hooves 1, demonic guardian 1, foul stench 1, weakness stinger 2
a: no special abilities


You were on level 5 of the Dungeon.
You visited 1 branch of the dungeon, and saw 5 of its levels.

You collected 161 gold pieces.

Inventory:

Hand Weapons
 a - a +0 long sword (weapon)
 g - a +0 dagger of flaming
Armour
 b - a +0 scale mail (worn)
 c - a +0 buckler (worn)
 e - a +0 pair of boots (worn)
 l - a +0 helmet (worn)
Jewellery
 j - a ring of magical power
 o - a +5 ring of evasion
 q - a ring of see invisible
Wands
 d - a wand of flame (16)
Scrolls
 f - a scroll of teleportation {unknown}
 h - a scroll of silence {unknown}
 i - 2 scrolls of torment {unknown}
 k - a scroll of fog {unknown}
 n - 3 scrolls of identify {unknown}
 p - a scroll of noise {unknown}
 r - a scroll of blinking {unknown}
Potions
 m - a potion of lignification {unknown}
 s - a potion of ambrosia {unknown}


   Skills:
 + Level 3.8 Fighting
 + Level 4.1 Long Blades
 + Level 3.6 Armour
 + Level 1.5 Dodging
 + Level 0.2 Stealth
 + Level 3.2 Shields


You had 5 spell levels left.
You didn't know any spells.
Your spell library contained the following spells:

 Spells                   Type           Power      Damage    Failure   Level
 Apportation              Tloc           0%         N/A       85%         1
 Vhi's Electric Charge    Tloc/Air       0%         N/A       99%         3
 Alistair's Intoxication  Tmut/Pois      0%         N/A       100%        5
 Arcjolt                  Conj/Air       0%         1d10      100%        5
 Maxwell's Capacitive Co  Air            0%         ∞         100%        8


Dungeon Overview and Level Annotations

Branches:
Dungeon (5/15)
 Temple: D:4-7

Altars:
Fedhas
Sif Muna

Annotations:
D:4 Eustachio
D:5 GimliDwarf's ghost, amateur TeAE


Innate Abilities, Weirdness & Mutations

You have large cloven feet.
A weak demonic guardian rushes to your aid.
You may rarely emit foul miasma when damaged in melee.
You have a tail ending in a sharp stinger.


Message History

The phantom is severely damaged.
The scorpion stings you.
The phantom hits you but does no damage.
You hit the phantom but do no damage.
The phantom is severely damaged.
The scorpion stings you but does no damage.
The phantom hits you but does no damage.
You block the scorpion's attack.
You hit the phantom.
The phantom is severely damaged.
You block the phantom's attack. The scorpion stings you.
You miss the phantom.
You tail-slap the phantom, but do no damage.
The phantom is severely damaged.
The scorpion stings you.
You are poisoned.
The scorpion poisons you! You block the phantom's attack.
You block the scorpion's attack. The phantom misses you.
The scorpion attacks as you move away!
The scorpion stings you but does no damage.
You feel very sick.
You feel sick.
You feel sick. The scorpion attacks as you move away!
The scorpion stings you but does no damage.
You feel sick.
There is a stone staircase leading up here.
You feel sick. The scorpion closely misses you.
The phantom attacks as you move away! The phantom barely misses you.
You feel sick. The phantom attacks as you move away! The phantom hits you.
* * * LOW HITPOINT WARNING * * *
The scorpion attacks as you move away!
The scorpion stings you but does no damage.
* * * LOW HITPOINT WARNING * * *
You feel sick.
There is a stone staircase leading down here.
* * * LOW HITPOINT WARNING * * *
You feel sick. The scorpion stings you.
You die...

#......# #......+
......# #......#
......# +......#
......# #......#
......# #.....<#
......# #......#
...[..# #...Ws.#
......+ #....@.#
....><######......#
#####...........###
#...........#
#...........#
#...........#
#.(.........#######
#####.................#
.<....................#


You could see a phantom and a scorpion.

Vanquished Creatures
  A hound (D:4)
  An orc priest (D:5)
  A jelly (D:4)
  4 adders
  7 gnolls
  3 worms
  A dart slug (D:2)
  17 orcs
  9 endoplasms
  2 giant cockroaches
  10 goblins
  5 hobgoblins
  4 jackals
  6 quokkas
  5 ball pythons
  6 bats
  2 frilled lizards (D:1)
  7 kobolds
  3 rats
94 creatures vanquished.

Vanquished Creatures (collateral kills)
  A goblin (D:4)
1 creature vanquished.

Grand Total: 95 creatures vanquished

Notes
Turn   | Place    | Note
-------+----------+-------------------------------------------
     0 | D:1      | seaoflcl the Demonspawn Fighter began the quest for the
                  | Orb.
     0 | D:1      | Reached XP level 1. HP: 18/18 MP: 1/1
   208 | D:1      | Discovered your monstrous ancestry.
   208 | D:1      | Gained mutation: You have a small tail. [demonic ancestry]
   208 | D:1      | Reached XP level 2. HP: 24/24 MP: 2/2
  1128 | D:2      | Reached skill level 2 in Long Blades
  1129 | D:2      | Gained mutation: You have a tail ending in a sharp stinger.
                  | [demonic ancestry]
  1129 | D:2      | Reached XP level 3. HP: 23/29 MP: 3/3
  1467 | D:1      | Gained mutation: A weak demonic guardian rushes to your
                  | aid. [demonic ancestry]
  1467 | D:1      | Reached XP level 4. HP: 24/35 MP: 4/4
  1997 | D:2      | Reached skill level 1 in Dodging
  2004 | D:2      | Reached skill level 3 in Long Blades
  2010 | D:2      | Gained mutation: You may rarely emit foul miasma when
                  | damaged in melee. [demonic ancestry]
  2010 | D:2      | Reached XP level 5. HP: 24/42 MP: 5/5
  2377 | D:3      | Found a shimmering blue altar of Sif Muna.
  2381 | D:3      | Identified the +0 robe of Cheibriados's Hope {Harm Int+3}
  2474 | D:2      | HP: 1/42 [orc/puff of flame (3)]
  2784 | D:3      | Found a faded altar of an unknown god.
  3083 | D:4      | Reached skill level 4 in Long Blades
  3083 | D:4      | Gained mutation: You have large cloven feet. [demonic
                  | ancestry]
  3083 | D:4      | Reached XP level 6. HP: 44/48 MP: 6/6
  3368 | D:4      | Noticed Eustachio
  3369 | D:4      | Found a blossoming altar of Fedhas.
  3428 | D:5      | Entered Level 5 of the Dungeon
  3701 | D:5      | Noticed GimliDwarf's ghost (amateur TeAE)
  3713 | D:5      | HP: 2/48 [phantom (6)]
  3714 | D:5      | Slain by a scorpion

Illustrated notes

Levels and vault maps discovered:
D:1:      amcnicky_arrival_flooded_fountain, layout_basic, serial_bayou,
          serial_bayou_pond_d, serial_bayou_pond_b, serial_bayou_lake_a,
          serial_bayou_pond_a, corexii_hall_statues_i
D:2:      layout_rooms, ebering_dispersal_statue_hall
D:3:      layout_rooms, lemuel_round_altar,
          hellmonk_ecumenical_altar_inner_sanctum
D:4:      layout_basic, nicolae_overflow_crystal_walls, old_standard_altar,
          fedhas_altar_fruit_tree, uniq_eustachio
D:5:      layout_gridville, mainiacjoe_overflow_cross_hatched,
          minmay_temple_entry_nine_rooms, gammafunk_ghost_split

Skill      XL: |  1  2  3  4  5 |
---------------+----------------+-----
Armour         | 3 |  3.6
Long Blades    | 2 3 4 |  4.1
Shields        | 3 |  3.2
Dodging        | 1 |  1.5
Fighting       | |  3.8
Stealth        | |  0.2

Action                     |  1- 3 |  4- 6 || total
---------------------------+-------+-------++-------
  Melee: Long sword        |   131 |   190 ||   321
         Tailslap          |    12 |    25 ||    37
    Use: Potion            |       |     3 ||     3
 Armour: Scale mail        |    82 |   123 ||   205
  Dodge: Dodged            |    90 |    95 ||   185
  Block: Buckler           |    46 |    60 ||   106
